 Dungeon Crawl Stone Soup version 0.29-a0-289-g2178c42546 (webtiles) character file.

Game seed: 12403972128678855835

73 sanka the Ducker (level 4, 39/41 HPs)
             Began as a Gnoll Monk on Mar 17, 2022.
             Was a Believer of Kikubaaqudgha.
             Quit the game on level 2 of the Dungeon.
             The game lasted 00:02:01 (1780 turns).

sanka the Ducker (Gnoll Monk)                       Turns: 1780, Time: 00:02:02

Health: 39/41      AC:  2    Str: 12    XL:     4   Next: 27%
Magic:  5/5        EV: 15    Int: 10    God:    Kikubaaqudgha [**....]
Gold:   98         SH:  0    Dex: 14    Spells: 5/5 levels left

rFire   . . .      SeeInvis .   a - +0 hand axe
rCold   . . .      Faith    .   (no shield)
rNeg    . . .      Spirit   .   b - +0 robe
rPois   .          Reflect  .   (no helmet)
rElec   .          Harm     .   (no cloak)
rCorr   .          Rampage  .   (no gloves)
Will    .....                   (no boots)
Stlth   +++.......              (no amulet)
HPRegen 0.13/turn               (no ring)
MPRegen 0.09/turn               (no ring)

@: no status effects
A: fangs 1, strong nose, distributed training
a: Renounce Religion, Receive Corpses


You were on level 2 of the Dungeon.
You worshipped Kikubaaqudgha.
Kikubaaqudgha was pleased with you.
You visited 1 branch of the dungeon, and saw 2 of its levels.

You collected 98 gold pieces.


Innate Abilities, Weirdness & Mutations

You have very sharp teeth.
Your uncanny sense of smell can sniff out nearby items.
Your experience applies equally to all skills.


   Skills:
 + Level 6.6 Fighting
 + Level 1.1 Short Blades
 + Level 1.1 Long Blades
 + Level 6.6 Axes
 + Level 1.1 Maces & Flails
 + Level 1.1 Polearms
 + Level 1.1 Staves
 + Level 1.1 Slings
 + Level 1.1 Bows
 + Level 1.1 Crossbows
 + Level 1.1 Throwing
 + Level 1.1 Armour
 + Level 6.6 Dodging
 + Level 4.2 Stealth
 + Level 1.1 Shields
 + Level 1.1 Unarmed Combat
 + Level 1.1 Spellcasting
 + Level 0.8 Conjurations
 + Level 0.8 Hexes
 + Level 0.8 Summonings
 + Level 0.8 Necromancy
 + Level 0.8 Translocations
 + Level 0.8 Transmutations
 + Level 0.8 Fire Magic
 + Level 0.8 Ice Magic
 + Level 0.8 Air Magic
 + Level 0.8 Earth Magic
 + Level 0.8 Poison Magic
 + Level 1.2 Invocations
 + Level 1.1 Evocations


You had 5 spell levels left.
You didn't know any spells.
Your spell library contained the following spells:

 Spells                   Type           Power      Damage    Failure   Level
 Animate Skeleton         Necr           4%         N/A       24%         1
 Beastly Appendage        Tmut           4%         N/A       24%         1
 Pain                     Necr           8%         1d4       24%         1
 Sublimation of Blood     Necr           2%         N/A       36%         2
 Wereblood                Tmut           2%         N/A       36%         2
 Spider Form              Tmut/Pois      2%         N/A       58%         3
 Agony                    Necr           2%         N/A       100%        5

Inventory:

Hand Weapons
 a - a +0 hand axe (weapon)
 l - a +0 flail
Missiles
 j - 6 boomerangs (quivered)
 k - 4 poisoned darts
Armour
 b - a +0 robe (worn)
 i - a +0 helmet
 o - a +0 pair of boots
Jewellery
 e - a ring of flight
 g - a ring of fire
Scrolls
 d - 3 scrolls of identify {unknown}
 h - 2 scrolls of teleportation {unknown}
Potions
 c - 2 potions of ambrosia
 f - a potion of attraction {unknown}
 m - a potion of lignification {unknown}
 n - 2 potions of curing {unknown}

Dungeon Overview and Level Annotations

Branches:
Dungeon (2/15)

Altars:
Kikubaaqudgha

Shops:
D:2

[ ▒.f▒▒▒▒.▒▒
▒...P▒..▒ ▒▒..▒.▒▒
▒▒▒.▒▒▒..▒▒
▒▒.....▒▒..▒
▒▒...≈≈†.▒▒.▒
▒....≈≈...▒.▒▒▒▒
▒▒P...[..▒▒....▒
▒▒▒♣g♣▒▒▒.....▒
▒▒▒▒.......▒
▒...†......▒
▒..........▒
▒........▒▒▒▒▒▒▒▒▒
▒...).............
▒........▒▒▒▒▒....
▒.............▒▒..
▒........▒▒▒▒.▒▒..


There were no monsters in sight!


Message History

The quokka is severely wounded.
You barely miss the quokka. The quokka completely misses you.
The quokka splashes around in the water.
You miss the quokka.
The quokka is severely wounded.
You closely miss the quokka. The quokka barely misses you.
The quokka bites you. The quokka misses you.
You hit the quokka.
You kill the quokka!
You hit the quokka. The quokka misses you.
You hit the quokka.
You kill the quokka!
No target in view!
No target in view!
You see here a quokka corpse.
Things that are here:
a +0 robe; a human skeleton
There is a faded altar of an unknown god here.
You cannot tell which god this altar belongs to.
Convert to them anyway?
Kikubaaqudgha accepts your prayer! Kikubaaqudgha welcomes you!
You can now receive cadavers from Kikubaaqudgha.
Kikubaaqudgha grants you a gift!
You add the spells Animate Skeleton, Pain, Sublimation of Blood and Agony to your library.
Kikubaaqudgha is now protecting you from necromantic miscasts and death curses.
Are you sure you want to abandon this character and quit the game? (Confirm with "yes".)

Action                   |  1- 3 |  4- 6 || total
-------------------------+-------+-------++-------
Melee: Hand axe          |   109 |    32 ||   141
       Bite              |    10 |     1 ||    11
 Stab: Sleeping          |     8 |     2 ||    10
       Distracted        |     1 |       ||     1
Armor: Robe              |    12 |     1 ||    13
Dodge: Dodged            |    87 |    33 ||   120

Levels and vault maps discovered:
D:1:      wander_arrival_estate, layout_loops_corners, minmay_split_cup_small
D:2:      layout_rooms, dreamdust_ecumenical_altar_hidden_monk_grotto,
          serial_shops, nicolae_shop_trees

Notes
Turn   | Place    | Note
-------+----------+-------------------------------------------
     0 | D:1      | sanka the Gnoll Monk began the quest for the Orb.
     0 | D:1      | Reached XP level 1. HP: 23/23 MP: 1/1
   161 | D:1      | Reached XP level 2. HP: 28/29 MP: 2/2
   495 | D:1      | Reached XP level 3. HP: 29/35 MP: 3/3
   882 | D:1      | Reached skill level 1 in Invocations
  1415 | D:2      | Reached skill level 1 in Short Blades
  1415 | D:2      | Reached skill level 1 in Long Blades
  1415 | D:2      | Reached skill level 1 in Maces & Flails
  1415 | D:2      | Reached skill level 1 in Polearms
  1415 | D:2      | Reached skill level 1 in Staves
  1415 | D:2      | Reached skill level 1 in Slings
  1415 | D:2      | Reached skill level 1 in Bows
  1415 | D:2      | Reached skill level 1 in Crossbows
  1415 | D:2      | Reached skill level 1 in Throwing
  1415 | D:2      | Reached skill level 1 in Armour
  1415 | D:2      | Reached skill level 1 in Shields
  1415 | D:2      | Reached skill level 1 in Unarmed Combat
  1415 | D:2      | Reached skill level 1 in Spellcasting
  1415 | D:2      | Reached skill level 1 in Evocations
  1472 | D:2      | Reached XP level 4. HP: 41/41 MP: 5/5
  1597 | D:2      | Found Uxuczun's Antique Armour Emporium.
  1760 | D:2      | Found a faded altar of an unknown god.
  1779 | D:2      | Prayed at the altar of an unknown god.
  1779 | D:2      | Became a worshipper of Kikubaaqudgha
  1779 | D:2      | Reached * piety under Kikubaaqudgha
  1779 | D:2      | Received a gift from Kikubaaqudgha
  1779 | D:2      | Reached ** piety under Kikubaaqudgha
  1780 | D:2      | Quit the game

Vanquished Creatures
  5 dart slugs
  3 ball pythons
  5 bats
  6 endoplasms
  7 giant cockroaches
  5 goblins
  5 hobgoblins
  A jackal (D:1)
  4 quokkas (D:2)
  5 frilled lizards
  5 kobolds
  6 rats
57 creatures vanquished.

Vanquished Creatures (others)
  5 fungi (D:2)
  4 plants (D:2)
9 creatures vanquished.

Grand Total: 66 creatures vanquished
